AoeStats
← MostImmortal

Fortress

508503780Analyzed
4v4 RM · 8d ago on Sep 22, 2026· 54m 34s· 8 players
Game mode
Random Map
Map size
Huge
Population
200
Speed
Normal
Resources
Standard
Victory
Conquest
Starting age
Dark Age
Ending age
Imperial Age
RankedLock teamsTeams togetherTeam positionsShared explorationLock speedFull tech treeHidden civsTurbo modeCheats
Victory
Defeat
🇺🇸 Varangians · United States
1115
+15
🇦🇷 Spanish · Argentina
1101
+15
🇧🇷 Mongols · Brazil
1077
+16
🇫🇷 Britons · France
1049
+17
🇨🇭 Danes · Switzerland
1232
-21
🇨🇭 Saxons · Switzerland
1214
-21
🇨🇭 Varangians · Switzerland
969
-11
🇨🇭 Byzantines · Switzerland
923
-10
xcsqadow
4:30 Loom
6:47 Feudal Age
11:22 Castle Age
10:49 Double-Bit Axe
10:46 Horse Collar
12:14 Bow Saw
18:32 Wheelbarrow
21:10 Gold Mining
21:38 Hand Cart
26:02 Imperial Age
23:20 Town Watch
24:00 Fletching
24:58 Bodkin Arrow
26:35 Ballistics
26:31 Padded Archer Armor
26:51 Bracer
27:15 Thumb Ring
29:02 Chemistry
29:18 Leather Archer Armor
29:27 Bloodlines
31:41 Conscription
33:38 Caravan
34:52 Elite Mangudai
39:53 Stone Mining
41:15 Scale Barding Armor
41:51 Light Cavalry
42:32 Husbandry
42:53 Chain Barding Armor
43:05 Forging
43:14 Hussar
JDTChief
5:04 Loom
5:36 Loom
7:21 Feudal Age
12:10 Castle Age
10:49 Gold Mining
11:23 Stone Mining
11:15 Horse Collar
13:39 Double-Bit Axe
19:17 Bow Saw
19:57 Heavy Plow
22:01 Wheelbarrow
21:16 Town Watch
22:39 Stone Shaft Mining
22:00 Vendel Legacy
23:49 Hand Cart
24:49 Bloodlines
24:40 Husbandry
29:10 Imperial Age
26:48 Scale Barding Armor
26:54 Forging
28:28 Chain Barding Armor
28:22 Caravan
29:28 Iron Casting
30:57 Plate Barding Armor
31:23 Blast Furnace
30:01 Cavalier
32:51 Crop Rotation
33:24 Two-Man Saw
32:58 Fletching
33:31 Conscription
33:30 Padded Archer Armor
34:04 Bodkin Arrow
34:31 Ballistics
34:18 Siege Engineers
40:32 Chemistry
39:40 Bracer
45:46 Elite Varangian Guard
47:51 Elite Jarl
53:11 Scale Mail Armor
53:26 Leather Archer Armor
tEx-
7:17 Feudal Age
11:47 Castle Age
9:40 Double-Bit Axe
9:43 Horse Collar
13:05 Wheelbarrow
12:52 Heavy Plow
13:02 Man-at-Arms
16:03 Loom
18:44 Long Swordsman
19:49 Forging
20:02 Scale Mail Armor
20:05 Town Watch
21:02 Bow Saw
22:03 Iron Casting
21:27 Gambesons
21:47 Pikeman
22:28 Squires
38:36 Imperial Age
37:02 Chain Mail Armor
38:43 Halberdier
40:28 Blast Furnace
41:04 Plate Mail Armor
40:32 Arson
44:37 Two-Man Saw
44:09 Fletching
44:20 Padded Archer Armor
44:43 Stone Mining
44:47 Gold Mining
45:16 Bodkin Arrow
45:28 Treadmill Crane
46:11 Ballistics
46:52 Chemistry
46:59 Gold Shaft Mining
47:09 Bracer
47:25 Leather Archer Armor
47:43 Masonry
47:45 Fortified Wall
47:26 Heated Shot
47:15 Elite Longbowman
48:25 Yeomen
48:51 Masonry
49:25 Conscription
48:42 Sappers
49:52 Hoardings
48:52 Two-Handed Swordsman
50:05 Ring Archer Armor
49:39 Warwolf
50:11 Hand Cart
49:57 Town Patrol
50:08 Champion
52:06 Capped Ram
0xLexA.23
7:54 Feudal Age
11:23 Castle Age
9:30 Double-Bit Axe
9:54 Gold Mining
12:36 Bow Saw
12:56 Horse Collar
14:24 Heavy Plow
15:46 Loom
20:54 Fervor
21:09 Sanctity
21:57 Wheelbarrow
22:55 Hand Cart
23:39 Town Watch
27:12 Imperial Age
25:55 Stone Mining
25:58 Fletching
26:14 Scale Barding Armor
26:09 Padded Archer Armor
26:32 Ballistics
26:23 Fortified Wall
26:32 Husbandry
27:27 Bloodlines
27:30 Forging
28:18 Chain Barding Armor
27:20 Cavalier
29:38 Two-Man Saw
29:48 Iron Casting
29:36 Conscription
30:33 Chemistry
30:38 Plate Barding Armor
30:47 Thumb Ring
31:18 Guilds
30:34 Elite Conquistador
32:26 Caravan
32:57 Bodkin Arrow
34:02 Blast Furnace
34:12 Bracer
34:27 Leather Archer Armor
33:39 Paladin
36:50 Town Patrol
52:14 Ring Archer Armor
51:45 Scale Mail Armor
Paffaff
8:57 Feudal Age
9:35 Double-Bit Axe
12:26 Castle Age
10:52 Horse Collar
13:43 Bow Saw
13:54 Heavy Plow
17:25 Scale Mail Armor
18:58 Wheelbarrow
18:19 Town Watch
20:16 Scale Mail Armor
23:58 Hand Cart
26:18 Imperial Age
23:58 Stone Mining
25:42 Chain Mail Armor
25:38 Forging
25:44 Squires
25:30 Gambesons
25:32 Arson
26:26 Hand Cart
25:56 Loom
27:33 Ballistics
28:13 Chemistry
26:56 Treadmill Crane
28:03 Plate Mail Armor
28:20 Conscription
28:30 Conscription
30:43 Hoardings
29:29 Shield Wall
30:47 Hoardings
30:26 Elite Hearth Troop
31:26 Fletching
32:12 Iron Casting
32:11 Masonry
33:20 Bodkin Arrow
34:00 Architecture
33:12 Treadmill Crane
34:04 Bracer
36:54 Padded Archer Armor
37:13 Town Patrol
41:08 Coinage
41:50 Two-Man Saw
43:42 Banking
46:19 Pikeman
46:59 Halberdier
MostImmortal
4:49 Loom
6:56 Feudal Age
12:29 Castle Age
10:32 Double-Bit Axe
11:04 Horse Collar
11:36 Gold Mining
12:47 Scale Mail Armor
13:44 Bow Saw
13:44 Town Watch
18:19 Chain Mail Armor
18:12 Heavy Plow
20:24 Forging
27:51 Imperial Age
27:01 Squires
26:50 Gambesons
29:26 Conscription
31:47 Siege Engineers
32:38 Pikeman
33:58 Wheelbarrow
34:51 Elite Jomsviking
37:29 Gold Shaft Mining
38:47 Chemistry
40:16 Halberdier
41:24 Hamask
44:14 Plate Mail Armor
44:20 Iron Casting
dotqq
7:04 Feudal Age
8:19 Double-Bit Axe
8:18 Horse Collar
12:06 Wheelbarrow
16:26 Castle Age
14:18 Loom
15:46 Stone Mining
18:44 Scale Barding Armor
21:12 Chain Barding Armor
22:11 Scale Mail Armor
23:16 Chain Mail Armor
23:15 Forging
33:42 Imperial Age
34:07 Iron Casting
39:07 Plate Barding Armor
41:55 Chemistry
45:44 Pikeman
46:14 Arson
47:35 Halberdier
raphii.kalt
4:26 Loom
10:37 Feudal Age
14:06 Castle Age
13:17 Gold Mining
13:18 Stone Mining
13:10 Horse Collar
13:20 Double-Bit Axe
15:49 Fletching
16:00 Padded Archer Armor
16:10 Scale Barding Armor
28:15 Wheelbarrow
30:42 Hand Cart
30:14 Town Watch
31:08 Stone Shaft Mining
30:45 Bow Saw
30:43 Heavy Plow
34:48 Imperial Age
32:59 Vendel Legacy
33:44 Gambesons
34:00 Squires
33:50 Arson
34:27 Forging
34:33 Leather Archer Armor
34:38 Chain Barding Armor
34:19 Scale Mail Armor
34:15 Bodkin Arrow
35:55 Iron Casting
35:24 Town Patrol
34:52 Elite Jarl
34:58 Gothikon
35:59 Conscription
36:21 Crop Rotation
37:11 Two-Man Saw
40:47 Ring Archer Armor
40:18 Bracer
41:18 Blast Furnace
40:54 Plate Barding Armor
40:35 Chain Mail Armor
40:27 Pikeman
40:28 Elite Varangian Guard
41:44 Halberdier
42:27 Vendel Legacy
43:48 Husbandry
43:58 Bloodlines
48:32 Cavalier
Connection lost

Rejoining the realm…

Still unreachable

The connection could not be restored.

Session expired

The server has moved on; the page needs a fresh start.